cohdb
Replays
Latest Replays
All Replays
Popular Replays
Top Player Replays
Match Explorer
How It Works
Community
CoH3 Stats
Reddit
Sign in to upload your games and track your stats! →
Sign in with Steam
Match 45098777
Unlisted
Match 45098777
Overview
Messages
Build Orders
End
Selects Luftwaffe Battlegroup
Selects Luftwaffe Pioneer Support
Fallschirmpioneer Squad Paradrop
Fallschirmpioneer Squad Paradrop
Construct Infanterie Kompanie
Construct Panzergrenadier Kompanie
MG 42 Bunker
Medical Station
Selects Flak 38 Anti-Air Emplacement
Construct Panzer Kompanie
Stoßtruppen Squad
Stoßtruppen Squad
Forward Retreat Point
Medical Bunker
Stoßtruppen Squad
Selects Infantry Reserves
Panzer Officer Quarters
Panzer IV Medium Tank
Side Skirts
Selects Reconnaissance Run
Selects Fallschirmjäger Squad Paradrop
Embla
mr.Brookerr
[PD] squisl
Mr_Fox
6block
Mr. Jor
MightyOstrich
KazakBoss4
0
0
Comments
sign in to comment!
No comments posted yet!